AoeStats
← 恆浪蕩

Arena

509141138Analyzed
4v4 RM · 5d ago on Sep 25, 2026· 37m 13s· 8 players
Game mode
Random Map
Map size
Large (8 player)
Population
200
Speed
Normal
Resources
Standard
Victory
Conquest
Starting age
Dark Age
Ending age
Imperial Age
RankedLock teamsTeams togetherTeam positionsShared explorationLock speedFull tech treeHidden civsTurbo modeCheats
Victory
Defeat
🇦🇷 Mongols · Argentina
1905
+6
🇦🇷 Turks · Argentina
1711
+12
🇦🇷 Teutons · Argentina
1611
+16
🇦🇷 Khmer · Argentina
1306
+27
🇹🇼 Britons · Taiwan
1688
-18
🇦🇷 Saxons · Argentina
1653
-17
🇹🇼 Burmese · Taiwan
1593
-14
🇹🇼 Danes · Taiwan
1530
-12
默默默默默
8:19 Loom
19:19 Feudal Age
20:36 Wheelbarrow
24:36 Castle Age
22:18 Horse Collar
22:29 Double-Bit Axe
23:44 Horse Collar
26:18 Bow Saw
33:55 Hand Cart
34:22 Heavy Plow
34:25 Gold Mining
34:25 Stone Mining
恆浪蕩
10:49 Feudal Age
15:03 Castle Age
13:07 Horse Collar
15:56 Heavy Plow
19:46 Gold Mining
21:10 Wheelbarrow
24:04 Loom
28:32 Imperial Age
26:50 Scale Barding Armor
26:49 Treadmill Crane
27:32 Husbandry
27:44 Bloodlines
28:21 Chain Barding Armor
29:47 Gold Shaft Mining
28:43 Cavalier
32:48 Plate Barding Armor
32:25 Forging
34:33 Conscription
34:34 Hand Cart
34:58 Crop Rotation
37:04 Iron Casting
37:36 Fortified Wall
PAI
8:37 Loom
10:25 Feudal Age
14:29 Castle Age
12:29 Double-Bit Axe
12:47 Horse Collar
13:58 Fletching
15:10 Bodkin Arrow
15:55 Loom
17:40 Crossbowman
20:20 Bow Saw
22:18 Wheelbarrow
22:51 Ballistics
23:05 Gold Mining
28:56 Imperial Age
28:32 Gold Shaft Mining
28:17 Padded Archer Armor
29:49 Bracer
30:51 Chemistry
波斯小象
11:26 Feudal Age
15:06 Castle Age
13:00 Double-Bit Axe
16:42 Bow Saw
19:15 Horse Collar
25:37 Scale Mail Armor
27:56 Loom
31:07 Forging
33:45 Chain Mail Armor
35:26 Iron Casting
~BroKen~
5:44 Loom
8:17 Feudal Age
19:57 Fletching
31:51 Castle Age
31:26 Double-Bit Axe
31:23 Horse Collar
32:56 Bow Saw
[TBArg] kaos_leo
10:14 Feudal Age
12:55 Castle Age
12:23 Double-Bit Axe
12:22 Horse Collar
19:53 Bow Saw
20:58 Scale Barding Armor
21:23 Bloodlines
22:27 Gold Mining
24:01 Forging
23:23 Light Cavalry
25:33 Husbandry
26:27 Wheelbarrow
26:14 Chain Barding Armor
33:36 Hand Cart
37:33 Imperial Age
36:11 Loom
36:36 Heavy Plow
37:32 Iron Casting
37:07 Tusk Swords
La Serpiente Emplumada
11:31 Feudal Age
12:24 Double-Bit Axe
15:20 Castle Age
15:36 Loom
20:02 Imperial Age
20:27 Bow Saw
19:59 Horse Collar
20:23 Gold Mining
29:52 Wheelbarrow
34:14 Town Watch
35:16 Stone Mining
36:01 Gold Shaft Mining
35:29 Padded Archer Armor
36:33 Hand Cart
Lea
8:13 Feudal Age
8:53 Double-Bit Axe
9:48 Horse Collar
22:09 Castle Age
24:04 Bow Saw
25:45 Wheelbarrow
25:15 Husbandry
25:44 Light Cavalry
27:43 Forging
28:58 Hand Cart
29:52 Gold Mining
35:11 Imperial Age
33:40 Gold Shaft Mining
33:06 Stone Mining
33:38 Bloodlines
34:45 Fletching
35:17 Ballistics
36:19 Bodkin Arrow
36:52 Conscription
35:52 Elite Mangudai
37:18 Bracer
37:14 Loom
Connection lost

Rejoining the realm…

Still unreachable

The connection could not be restored.

Session expired

The server has moved on; the page needs a fresh start.